 Dungeon Crawl Stone Soup version 0.22.0-13-g43fe8f2 (webtiles) character file.

439 Faca the Ruffian (level 6, 0/57 HPs)
             Began as a Troll Hunter on Aug 16, 2018.
             Slain by a gnoll (3 damage)
             ... on level 3 of the Dungeon.
             The game lasted 00:06:33 (1701 turns).

Faca the Ruffian (Troll Hunter)                     Turns: 1701, Time: 00:06:33

Health: 0/57       AC:  5    Str: 23    XL:     6   Next: 70%
Magic:  5/5        EV: 10    Int:  7    God:
Gold:   108        SH:  0    Dex: 10    Spells: 5/5 levels left

rFire    . . .     SeeInvis .     - Unarmed
rCold    . . .     Gourm    +   (no shield)
rNeg     . . .     Faith    .   b - +0 robe
rPois    .         Spirit   .   (helmet restricted)
rElec    .         Reflect  .   (no cloak)
rCorr    .         Harm     .   (gloves unavailable)
MR       .....                  (boots unavailable)
Stlth    +.........             (no amulet)
HPRegen  0.59/turn              (no ring)
MPRegen  0.09/turn              (no ring)

@: no status effects
A: large, unfitting armour, claws 3, fast metabolism 3, gourmand, regeneration
1, shaggy fur 1, tough skin 2
a: no special abilities


You were on level 3 of the Dungeon.
You were completely stuffed.

You visited 1 branch of the dungeon, and saw 3 of its levels.

You collected 108 gold pieces.

Inventory:

Missiles
 a - 2 tomahawks of returning (quivered)
 c - 5 large rocks
 d - 2 throwing nets
Armour
 b - a +0 robe (worn)
Scrolls
 e - 3 scrolls of identify {unknown}
 g - 2 scrolls of enchant weapon {unknown}
 h - a scroll of noise {unknown}
 i - a scroll of amnesia {unknown}
 l - a scroll of fog {unknown}
 n - a scroll of fear {unknown}
Potions
 j - 2 potions of lignification {unknown}
 k - a potion of flight {unknown}
 o - a potion of heal wounds {unknown}
 p - a potion of might {unknown}
 q - a potion of agility {unknown}
 r - a potion of berserk rage {unknown}
Comestibles
 f - 3 rations
 m - 2 chunks of flesh


   Skills:
 + Level 2.2 Fighting
 - Level 3.6 Throwing
 - Level 1.5 Dodging
 - Level 0.3 Stealth
 * Level 6.6 Unarmed Combat


You had 5 spell levels left.
You didn't know any spells.
Your spell library was empty.

Dungeon Overview and Level Annotations

Branches:
Dungeon (3/15)

Altars:
Fedhas
Okawaru


Innate Abilities, Weirdness & Mutations

You are too large for most types of armour.
You have claws for hands.
Your metabolism is lightning-fast.
You like to eat raw meat.
Your natural rate of healing is unusually fast.
You are covered in fur. (AC +1)
You have very tough skin. (AC +2)


Message History

The gnoll shaman calls upon its god to heal the gnoll sergeant.
The gnoll sergeant is healed somewhat.
The gnoll closely misses you.
You scratch the gnoll sergeant.
The gnoll sergeant is heavily wounded.
The gnoll closely misses you.
The gnoll sergeant hits you but does no damage.
The gnoll barely misses you.
The gnoll hits you from afar with a spear.
The gnoll hits you but does no damage.
The gnoll sergeant hits you but does no damage.
You scratch the gnoll sergeant.
The gnoll sergeant is heavily wounded.
The gnoll closely misses you. x2; The gnoll hits you.
The gnoll sergeant hits you with a spear.
* * * LOW HITPOINT WARNING * * *
The gnoll hits you but does no damage. The gnoll sergeant barely misses you.
The gnoll hits you!
* * * LOW HITPOINT WARNING * * *
The gnoll hits you.
You die...

#....≈≈###'#
#....≈≈≈.#g#
#....≈≈≈.#
#....≈≈≈.#
#....≈≈≈.#
#.P..≈≈≈.#
#....≈≈≈(# #####
#....≈≈≈.# #.....##
#.@..≈≈≈.#g#.....'.
#.gg.≈≈###'#.....##
#.ggP≈≈#...########
#...g≈≈#...#.g.....
#....≈≈#####≈≈≈≈≈≈≈
#....g≈≈≈≈≈≈≈≈≈≈≈≈≈
#P...≈≈≈≈≈≈≈≈≈≈≈≈≈≈
#......g.g....†...)
###################


You could see a gnoll sergeant, a gnoll shaman and 6 gnolls.

Vanquished Creatures
  Sigmund (D:2)
  An orc wizard (D:2)
  A worker ant (D:2)
  7 gnolls (D:3)
  4 adders
  2 oozes
  2 worms (D:2)
  2 dart slugs
  5 leopard geckos
  2 orcs (D:3)
  4 giant cockroaches
  6 goblins
  9 hobgoblins
  26 jackals
  A quokka (D:2)
  6 bats
  4 frilled lizards
  7 kobolds
  6 rats
96 creatures vanquished.

Notes
Turn   | Place    | Note
-------+----------+-------------------------------------------
     0 | D:1      | Faca the Troll Hunter began the quest for the Orb.
     0 | D:1      | Reached XP level 1. HP: 19/19 MP: 0/0
   218 | D:1      | Reached skill level 1 in Unarmed Combat
   235 | D:1      | Reached XP level 2. HP: 28/28 MP: 1/1
   372 | D:1      | Reached skill level 2 in Unarmed Combat
   424 | D:1      | Reached XP level 3. HP: 35/35 MP: 2/2
   485 | D:1      | You fall through a shaft!
   661 | D:2      | Reached skill level 3 in Unarmed Combat
   791 | D:2      | Reached XP level 4. HP: 38/42 MP: 3/3
   863 | D:2      | Found a blossoming altar of Fedhas.
   913 | D:2      | Noticed Sigmund
   932 | D:2      | Killed Sigmund
   932 | D:2      | Reached skill level 5 in Unarmed Combat
   932 | D:2      | Reached XP level 5. HP: 32/49 MP: 4/4
   948 | D:2      | Reached XP level 6. HP: 47/57 MP: 5/5
  1192 | D:3      | Found an iron altar of Okawaru.
  1312 | D:2      | Reached skill level 6 in Unarmed Combat
  1701 | D:3      | Slain by a gnoll

Skill      XL: |  1  2  3  4  5  6 |
---------------+-------------------+-----
Unarmed Combat | 1 2 3 5 6 |  6.6
Fighting       | 2 |  2.2
Throwing       | |  3.6
Dodging        | |  1.5
Stealth        | |  0.3

Action                   |  1- 3 |  4- 6 || total
-------------------------+-------+-------++-------
Melee: Unarmed           |   123 |   130 ||   253
       Punch             |     2 |     4 ||     6
  Eat: Chunk             |    13 |     8 ||    21
Armor: Robe              |    59 |    53 ||   112
Dodge: Dodged            |    68 |    74 ||   142
